 Dungeon Crawl Stone Soup version 0.21-a0-404-g291f19a (webtiles) character file.

149 sagitran the Slasher (level 5, -1/38 HPs)
             Began as a Demonspawn Gladiator on Oct 29, 2017.
             Killed from afar by an orc wizard (4 damage)
             ... with a magic dart
             ... on level 2 of the Dungeon.
             The game lasted 00:20:24 (4648 turns).

sagitran the Slasher (Demonspawn Gladiator)         Turns: 4648, Time: 00:20:25

Health: -1/38      AC:  3    Str: 15    XL:     5   Next: 9%
Magic:  5/5        EV: 13    Int:  9    God:
Gold:   139        SH:  0    Dex: 15    Spells: 4/4 levels left

rFire    . . .     SeeInvis .   a - +0 long sword
rCold    . . .     Gourm    .   (no shield)
rNeg     + . .     Faith    .   b - +0 leather armour
rPois    .         Spirit   .   (helmet restricted)
rElec    .         Reflect  .   (no cloak)
rCorr    .         Harm     .   (no gloves)
MR       .....                  (no boots)
Stlth    +++.......             (no amulet)
HPRegen  0.12/turn              t - ring of flight
MPRegen  0.09/turn              p - ring of positive energy

@: slowed, very slow
A: horns 1, talons 1, nightstalker 1, powered by death 1
a: Evoke Flight


You were on level 2 of the Dungeon.
You were not hungry.

You visited 1 branch of the dungeon, and saw 3 of its levels.

You collected 139 gold pieces.

Inventory:

Hand Weapons
 a - a +0 long sword (weapon)
Missiles
 d - 3 throwing nets (quivered)
Armour
 b - a +0 leather armour (worn)
 k - a +0 buckler
Jewellery
 p - a ring of positive energy (right hand)
 t - a ring of flight (left hand)
 v - an uncursed ring of magical power
Wands
 s - a wand of digging (12/24)
Scrolls
 e - 2 scrolls of amnesia {unknown}
 g - a scroll of immolation {unknown}
 h - a scroll of noise {unknown}
 i - 3 scrolls of enchant weapon
 j - 2 scrolls of remove curse {unknown}
 l - a scroll of enchant armour {unknown}
 o - a scroll of recharging {unknown}
Potions
 c - a potion of flight {unknown}
 m - a potion of mutation {unknown}
 n - a potion of lignification
 q - a potion of brilliance
 r - a potion of heal wounds {unknown}
Comestibles
 f - 3 bread rations
 u - a meat ration
 w - a royal jelly


   Skills:
 + Level 2.3 Fighting
 + Level 3.7 Long Blades
 + Level 1.7 Throwing
 + Level 1.8 Armour
 + Level 3.2 Dodging
 * Level 1.9 Stealth
 + Level 0.2 Unarmed Combat


You had 4 spell levels left.
You didn't know any spells.

Dungeon Overview and Level Annotations

Branches:
Dungeon (3/15)

Altars:
Cheibriados
Makhleb
Wu Jian
The Shining One

Annotations:
D:3 Grinder


Innate Abilities, Weirdness & Mutations

You have a pair of small horns on your head.
You have sharp toenails.
You are slightly more attuned to the shadows.
You regenerate a little health from kills.


Message History

There is a stone staircase leading down here.
You hit the orc wizard but do no damage.
Your headbutt misses the orc wizard. The orc wizard hits you with a dagger.
The orc wizard mumbles some strange words.
The orc wizard blinks!
The orc wizard gestures at you while chanting.
You feel yourself slow down.
The orc wizard points at you and mumbles some strange words.
The magic dart hits you! The orc wizard hits you with a dagger.
The orc wizard barely misses you.
You completely miss the orc wizard.
You claw the orc wizard, but do no damage.
You headbutt the orc wizard, but do no damage.
The orc wizard casts a spell at you. The magic dart hits you!
* * * LOW HITPOINT WARNING * * *
The orc wizard hits you but does no damage.
The orc wizard gestures at you while chanting.
The magic dart hits you!
You die...

#.## #.### ##..##. #..## #.#
######## #...######.# #.####8#
#.......##.###### #.##8...
#..≈≈...##......## ###.##....
#..≈⌠............## #...#>....
#..≈≈.............# ###...##....
##.....#..........###.....##8...
#######......o@..#...##..####8#
#..........>...##.#######
#..........#...##.# #.##.
##........##.#.##.# #.##.
##........#..#..#.###.##.
#...........###.......##.
#..........##.##..##....#
#.........##...##..##.#..
#........##.....'#..#.##.


You could see an orc wizard.

Vanquished Creatures
  9 adders
  A worm (D:2)
  2 dart slugs
  A giant cockroach (D:1)
  9 hobgoblins
  7 jackals (D:1)
  7 kobolds
  A quokka (D:2)
  3 bats
  3 frilled lizards (D:2)
  11 goblins
  6 rats
60 creatures vanquished.

Notes
Turn   | Place    | Note
-------+----------+-------------------------------------------
     0 | D:1      | sagitran the Demonspawn Gladiator began the quest for the Orb.
     0 | D:1      | Reached XP level 1. HP: 16/16 MP: 1/1
   119 | D:1      | Gained mutation: You are slightly more attuned to the shadows. [demonic ancestry]
   119 | D:1      | Reached XP level 2. HP: 4/22 MP: 2/2
   125 | D:1      | HP: 1/22 [jackal (2)]
  1207 | D:1      | Gained mutation: You have a pair of small horns on your head. [demonic ancestry]
  1207 | D:1      | Reached XP level 3. HP: 26/27 MP: 3/3
  1748 | D:2      | Reached skill level 1 in Stealth
  2069 | D:2      | Found a snail-covered altar of Cheibriados.
  2071 | D:2      | Found an ornate altar of the Wu Jian Council.
  2120 | D:2      | Found a glowing golden altar of the Shining One.
  2332 | D:2      | Reached skill level 1 in Armour
  2684 | D:2      | Gained mutation: You have sharp toenails. [demonic ancestry]
  2684 | D:2      | Reached XP level 4. HP: 28/33 MP: 4/4
  3368 | D:3      | Found a burning altar of Makhleb.
  3583 | D:3      | Noticed Grinder
  3589 | D:3      | Paralysed by Grinder for 5 turns
  4098 | D:3      | Gained mutation: You regenerate a little health from kills. [demonic ancestry]
  4098 | D:3      | Reached XP level 5. HP: 38/38 MP: 5/5
  4648 | D:2      | Killed from afar by an orc wizard

Vault maps used:
D:1:      dpeg_arrival_snail, minmay_misc_feat_cross
D:2:      tso_metal_star, nicolae_overflow_hidden_temple, first_bread,
          serial_co_window_serial, co_window_paths_b,
          co_window_of_opportunity_a, co_window_corner_a, co_window_paths_b,
          co_window_corner_a, co_window_cross_1, co_window_broadway_a,
          co_window_corner_cb, co_window_unsneaky_path_c, co_window_corner_b,
          co_window_corner_ca, co_window_paths_d, glass_columns_c,
          glass_columns_a, glass_columns_a, glass_columns_b, glass_columns_c,
          corexii_leaking_fountain, minmay_misc_feat_iff
D:3:      bloody_makhleb, minmay_misc_feat_pillars, palyth_stone_intersect,
          uniq_grinder

Skill      XL: |  1  2  3 |
---------------+----------+-----
Dodging        | 3 |  3.2
Long Blades    | 3 |  3.7
Stealth        | 1 |  1.9
Armour         | 1 |  1.8
Fighting       | |  2.3
Throwing       | |  1.7
Unarmed Combat | |  0.2

Action                   |  1- 3 |  4- 6 || total
-------------------------+-------+-------++-------
Melee: Long sword        |   114 |    43 ||   157
       Headbutt          |     9 |    11 ||    20
       Kick              |       |    12 ||    12
Throw: Throwing net      |     3 |       ||     3
  Use: Scroll            |       |     3 ||     3
       Potion            |       |     1 ||     1
 Stab: Sleeping          |     9 |     2 ||    11
       Distracted        |     1 |       ||     1
  Eat: Chunk             |     4 |     3 ||     7
       Fruit             |     1 |     3 ||     4
       Bread ration      |       |     1 ||     1
Armor: Leather armour    |    29 |     6 ||    35
Dodge: Dodged            |    63 |    36 ||    99
       Rpst.: Long sword |    20 |    13 ||    33

Table legend:
 A = Spawn XP
 B = Non-spawn XP
 C = Spawn XP percentage of total XP
 D = Spawn monster count
 E = Non-spawn monster count
 F = Spawn count percentage of total count
 G = Total turns spent on level
                    A         B        C        D         E        F      G
               +---------+---------+-------+---------+---------+-------+---------
         Total |       0 |     214 |   0.0 |       0 |      60 |   0.0 |  4648
               +---------+---------+-------+---------+---------+-------+---------
           D:1 |       0 |      46 |   0.0 |       0 |      25 |   0.0 |  1556
           D:2 |       0 |      86 |   0.0 |       0 |      20 |   0.0 |  2289
           D:3 |       0 |      82 |   0.0 |       0 |      15 |   0.0 |   803
               +---------+---------+-------+---------+---------+-------+---------
